 Dungeon Crawl Stone Soup version 0.25.1-2-g60ff931df9 (webtiles) character file.

Game seed: 8149207222692804259

28401 DogServant the Martial Artist (level 13, -6/139 HPs)
             Began as a Human Transmuter on Oct 18, 2020.
             Was a High Priest of Hepliaklqana.
             Mangled by a four-headed hydra (10 damage)
             ... on level 6 of the Lair of Beasts.
             The game lasted 00:39:46 (20195 turns).

DogServant the Martial Artist (Human Transmuter)   Turns: 20195, Time: 00:39:46

Health: -6/139     AC: 26    Str: 13    XL:     13   Next: 73%
Magic:  16/19      EV:  2    Int: 14    God:    Hepliaklqana [*****.]
Gold:   722        SH:  0    Dex: 16    Spells: 5/20 levels left

rFire    . . .     SeeInvis .     - Unarmed
rCold    . . .     Gourm    .   (no shield)
rNeg     + + +     Faith    .   (armour currently unavailable)
rPois    +         Spirit   .   (helmet currently unavailable)
rElec    .         Reflect  .   (cloak currently unavailable)
rCorr    .         Harm     .   (gloves currently unavailable)
MR       .....     NoTele   +   (boots currently unavailable)
Stlth    +.........             (no amulet)
HPRegen  0.33/turn              (no ring)
MPRegen  0.16/turn              s - +4 ring of evasion

@: mighty, tree-form
A: reduced essence
a: Recall Ancestor, Ancestor Identity, Transference, Idealise, Renounce Religion


You were on level 6 of the Lair of Beasts.
You worshipped Hepliaklqana.
Hepliaklqana was extremely pleased with you.
You were not hungry.
You were a tree.
You visited 3 branches of the dungeon, and saw 17 of its levels.

You collected 722 gold pieces.

Inventory:

Missiles
 a - 110 arrows
 x - 34 poisoned darts (quivered)
Armour
 b - a +0 robe
 i - +1 acid dragon scales (melded)
 j - a +2 pair of gloves (melded)
 y - a +2 hat
 B - a +0 hat of see invisible (melded)
 H - a +0 cloak (melded)
Jewellery
 h - an uncursed ring of fire
 n - an uncursed ring of fire
 s - a +4 ring of evasion (right branch)
 D - an uncursed ring of fire
Wands
 c - a wand of flame (20)
 t - a wand of random effects (40)
 u - a wand of digging (2)
 A - a wand of paralysis (7)
 F - a wand of clouds (2)
Scrolls
 e - 2 scrolls of immolation
 g - 8 scrolls of remove curse
 l - a scroll of enchant weapon
 p - 4 scrolls of identify
 E - a scroll of teleportation
Potions
 f - 2 potions of brilliance
 k - a potion of degeneration {unknown}
 m - a potion of haste
 o - a potion of invisibility
 q - 6 potions of stabbing
 r - 3 potions of lignification
 w - 2 potions of flight
 z - a potion of might
 I - a potion of mutation
Comestibles
 d - 15 rations


   Skills:
 + Level 10.7 Fighting
 - Level 5.2 Armour
 + Level 7.5 Dodging
 + Level 11.1 Unarmed Combat
 - Level 4.0 Spellcasting
 - Level 10.0 Transmutations
 - Level 4.0 Ice Magic
 + Level 5.5 Invocations
 - Level 6.4 Evocations


You had 5 spell levels left.
You knew the following spells:

 Your Spells              Type           Power        Failure   Level  Hunger
a - Beastly Appendage     Tmut           ####..       1%          1    None
b - Sticks to Snakes      Tmut           ####....     1%          2    ##.....
c - Spider Form           Tmut/Pois      ###.......   8%          3    ###....
d - Blade Hands           Tmut           ####......   9%          5    ######.
e - Ice Form              Ice/Tmut       ###.....     11%         4    ####...

Your spell library contained the following spells:

 Spells                   Type           Power        Failure   Level  Hunger
 Magic Dart               Conj           #...         19%         1    None
 Shock                    Conj/Air       #...         19%         1    None
 Blink                    Tloc           N/A          28%         2    ##.....
 Call Imp                 Summ           #.......     28%         2    ##.....
 Searing Ray              Conj           #.....       28%         2    ##.....
 Slow                     Hex            #.......     28%         2    ##.....
 Swiftness                Chrm/Air       #.......     28%         2    ##.....
 Conjure Flame            Conj/Fire      #.......     50%         3    ###....
 Dazzling Flash           Conj/Hex       #.....       50%         3    ###....
 Mephitic Cloud           Conj/Pois/Air  #.......     50%         3    ###....
 Static Discharge         Conj/Air       #.......     50%         3    ###....
 Airstrike                Air            #.........   88%         4    ####...
 Fulminant Prism          Conj/Hex       #.........   88%         4    ####...
 Iskenderun's Mystic Bla  Conj/Tloc      #.......     88%         4    ####...
 Lightning Bolt           Conj/Air       #.........   99%         5    ######.


Dungeon Overview and Level Annotations

Branches:
Dungeon (10/15)            Temple (1/1) D:4            Lair (6/6) D:8
 Shoals (0/4) Lair:4       Spider (0/4) Lair:2
  Slime: Lair:5-6       Orc: D:9-12

Altars:
Fedhas
Gozag
Hepliaklqana
Kikubaaqudgha
Makhleb
Qazlal
Sif Muna
Trog
Uskayaw
Vehumet
Yredelemnul
Zin
The Shining One

Shops:
D:7 *   D:8 ?

Portals:
Volcano: Lair:6

Annotations:
D:4 1 runed translucent door, Crazy Yiuf
D:5 Prince Ribbit


Message History

* * * LOW HITPOINT WARNING * * *
Okay, then.
Okay, then.
Okay, then.
Okay, then.
Okay, then.
Evoke which item? (* to show all) (? for menu, Esc to quit)
Aiming: Random Effects
Press: ? - help, Shift-Dir - straight line, f - you That beam is likely to hit you.
Continue anyway?
You feel a strange sense of stasis.
The hell hound bites you but does no damage.
The water moccasin bites you but does no damage.
The elephant is engulfed in noxious fumes.
The elephant tramples you but does no damage.
The elephant trunk-slaps you but does no damage.
A polar bear comes into view.
The four-headed hydra bites you but does no damage. x3
The four-headed hydra bites you!
You die... . ♣. .♣ .♣♣ ♣♣..♣♣ ♣♣...h ♣YFD♣

♣♣♣
♣hS♣
♣♣§Y♣
♣§§♣
♣§§♣
♣..♣
..♣
..


You could see a four-headed hydra, 2 elephants, a polar bear, a spiny frog, a
water moccasin and a hell hound.

Vanquished Creatures
  2 hydras
  A two-headed ogre (D:8)
  Pikel (D:6)
  An oklob plant (Lair:4)
  A manticore (Lair:3)
  3 elephants (Lair:5)
  4 black mambas
  8 spiny frogs
  Maggie (D:6)
  2 komodo dragons
  2 rime drakes
  A queen bee (Lair:4)
  A jumping spider (Lair:2)
  3 meliai (Lair:4)
  6 hippogriffs
  A snapping turtle (Lair:4)
  8 blink frogs
  15 yaks
  Eustachio (D:4)
  2 basilisks
  Menkaure (D:4)
  Duvessa (D:7)
  10 water moccasins
  7 porcupines
  An orc warrior (D:9)
  A sky beast (D:8)
  A black bear (D:6)
  2 ice beasts (D:5)
  4 ogres
  4 crocodiles
  A centaur (D:9)
  Blork the orc (D:6)
  10 bullfrogs
  5 scorpions
  3 wights (D:8)
  33 killer bees
  An electric eel (Lair:2)
  5 crimson imps
  2 centaur zombies (D:8)
  A jelly (D:5)
  3 hounds
  2 centaur skeletons (D:9)
  4 bullfrog skeletons
  An orc priest (D:9)
  3 orc wizards
  2 iguanas
  4 worker ants
  A hound zombie (D:6)
  A hound skeleton (D:9)
  Robin (D:4)
  A worker ant zombie (D:10)
  10 adders
  2 shadow imps
  An adder skeleton (D:5)
  3 adder zombies
  2 worms
  9 leopard geckos
  24 orcs
  A giant cockroach (D:3)
  17 goblins
  11 hobgoblins
  14 jackals
  5 quokkas
  3 bats
  10 frilled lizards
  6 kobolds
  A leopard gecko skeleton (D:7)
  A quokka skeleton (D:9)
  3 rats
304 creatures vanquished.

Vanquished Creatures (collateral kills)
  Gastronok (Lair:3)
  A hydra (Lair:5)
  A catoblepas (Lair:5)
  An elephant (Lair:5)
  A black mamba (Lair:3)
  A spiny frog (Lair:2)
  A rime drake (Lair:6)
  2 komodo dragons
  A jumping spider (Lair:2)
  3 yaks
  A basilisk (Lair:1)
  A water moccasin (Lair:4)
  2 porcupines
  A crocodile (Lair:3)
  2 bullfrogs
  Dowan (D:7)
  3 killer bees
  2 electric eels
  2 crimson imps (D:5)
  An orc priest (D:4)
  A hound (D:4)
  A jelly (D:5)
  An orc wizard (D:4)
  An iguana (D:4)
  2 worker ants
  2 adders
  A leopard gecko (D:6)
  A goblin (D:5)
  2 jackals (D:5)
  A frilled lizard (D:4)
42 creatures vanquished.

Vanquished Creatures (others)
  5 hexers
  An ancestor (D:6)
  2 fungi
  A plant (Lair:4)
9 creatures vanquished.

Grand Total: 355 creatures vanquished

Notes
Turn   | Place    | Note
-------+----------+-------------------------------------------
     0 | D:1      | DogServant the Human Transmuter began the quest for the
                  | Orb.
     0 | D:1      | Reached XP level 1. HP: 15/15 MP: 3/3
   174 | D:1      | Reached XP level 2. HP: 6/21 MP: 3/5
   947 | D:2      | Found a shimmering blue altar of Sif Muna.
   954 | D:2      | Reached skill level 4 in Unarmed Combat
   954 | D:2      | Reached XP level 3. HP: 24/26 MP: 4/6
  2001 | D:3      | Reached XP level 4. HP: 32/32 MP: 7/7
  2005 | D:3      | Learned a level 2 spell: Sticks to Snakes
  3124 | D:4      | Noticed Menkaure
  3137 | D:4      | Killed Menkaure
  3137 | D:4      | Reached skill level 5 in Unarmed Combat
  3137 | D:4      | Reached XP level 5. HP: 8/37 MP: 1/8
  3405 | D:4      | Noticed Robin
  3411 | D:4      | Learned a level 3 spell: Spider Form
  3416 | D:4      | Killed Robin
  3437 | D:4      | Reached XP level 6. HP: 41/43 MP: 3/9
  3519 | D:4      | Noticed an ogre
  3530 | D:4      | Killed an ogre
  3749 | D:4      | Found a staircase to the Ecumenical Temple.
  3761 | Temple   | Entered the Ecumenical Temple
  3782 | Temple   | Became a worshipper of Hepliaklqana the Forgotten
  4076 | D:4      | Reached skill level 6 in Unarmed Combat
  4107 | D:4      | Reached XP level 7. HP: 19/43 MP: 10/10
  4595 | D:4      | Noticed Eustachio
  4607 | D:4      | Killed Eustachio
  4607 | D:4      | Reached skill level 5 in Transmutations
  4755 | D:4      | Found a runed translucent door.
  4756 | D:4      | Noticed Crazy Yiuf
  4768 | D:4      | Reached * piety under Hepliaklqana
  5185 | D:5      | Entered Level 5 of the Dungeon
  5289 | D:5      | Found a radiant altar of Vehumet.
  5435 | D:5      | Reached skill level 7 in Unarmed Combat
  5435 | D:5      | Reached XP level 8. HP: 32/48 MP: 11/11
  5943 | D:5      | Noticed Prince Ribbit
  6021 | D:6      | Noticed Pikel
  6107 | D:6      | Killed Pikel
  6107 | D:6      | Reached skill level 8 in Unarmed Combat
  6107 | D:6      | Reached XP level 9. HP: 52/53 MP: 9/12
  6200 | D:6      | Noticed Blork the orc
  6208 | D:6      | Killed Blork the orc
  6251 | D:6      | Noticed Maggie
  6266 | D:6      | Killed Maggie
  6266 | D:6      | Reached skill level 9 in Unarmed Combat
  6717 | D:6      | Learned a level 5 spell: Blade Hands
  6792 | D:6      | Reached skill level 1 in Armour
  7154 | D:6      | Reached ** piety under Hepliaklqana
  7156 | D:6      | Found a glowing golden altar of the Shining One.
  7592 | D:7      | Remembered your ancestor Octavia as a hexer
  7787 | D:7      | Found an opulent altar of Gozag.
  7826 | D:7      | Found Gozag's Platinum Reserve.
  7887 | D:7      | Noticed Duvessa
  7887 | D:7      | Noticed Dowan
  7894 | D:7      | Killed Duvessa
  7902 | D:7      | Killed Dowan
  8168 | D:7      | Got a masterwork quarterstaff
  8227 | D:7      | Identified the +10 quarterstaff of the Smoking Owl {vorpal,
                  | Int+4} (You found it on level 7 of the Dungeon)
  8417 | D:7      | Reached XP level 10. HP: 57/58 MP: 11/13
  8566 | D:8      | Found Gitz's Magic Scroll Boutique.
  8580 | D:8      | Found a staircase to the Lair.
  8659 | D:8      | Reached skill level 10 in Unarmed Combat
  9143 | D:8      | Noticed a two-headed ogre
  9152 | D:8      | Killed a two-headed ogre
  9237 | D:8      | Reached skill level 5 in Armour
  9321 | D:9      | Reached *** piety under Hepliaklqana
  9952 | D:9      | Reached skill level 1 in Invocations
  9952 | D:9      | Reached skill level 1 in Evocations
  9956 | D:9      | Reached skill level 10 in Transmutations
  9999 | D:9      | Reached XP level 11. HP: 51/64 MP: 9/14
 10129 | D:10     | Entered Level 10 of the Dungeon
 10147 | D:10     | Noticed a two-headed ogre
 10188 | Lair:1   | Entered Level 1 of the Lair of Beasts
 11280 | Lair:1   | Reached skill level 5 in Fighting
 12402 | Lair:2   | Found a hole to the Spider Nest.
 12655 | Lair:2   | Reached **** piety under Hepliaklqana
 12683 | Lair:2   | Reached XP level 12. HP: 81/82 MP: 18/18
 13033 | Lair:2   | Found a basalt altar of Yredelemnul.
 13868 | Lair:3   | Noticed a six-headed hydra
 14322 | Lair:3   | Killed a nine-headed hydra
 14420 | Lair:3   | Reached ***** piety under Hepliaklqana
 14546 | Lair:3   | Noticed Gastronok
 14564 | Lair:3   | Killed Gastronok
 15006 | Lair:3   | Reached skill level 5 in Evocations
 15010 | Lair:3   | Reached skill level 10 in Fighting
 15387 | Lair:4   | Reached skill level 5 in Dodging
 15703 | Lair:4   | Reached XP level 13. HP: 35/92 MP: 14/19
 16196 | Lair:4   | Learned a level 4 spell: Ice Form
 16325 | Lair:4   | Got a scorched war axe
 16326 | Lair:4   | Identified the cursed +3 war axe of the Unseen Realm
                  | {flame, *Corrode Str+5 Dex+6} (You found it on level 4 of
                  | the Lair of Beasts)
 16552 | Lair:4   | Found a staircase to the Shoals.
 16571 | Lair:4   | Reached skill level 11 in Unarmed Combat
 16831 | Lair:4   | Reached skill level 1 in Ice Magic
 17942 | Lair:5   | Noticed an eight-headed hydra
 17952 | Lair:5   | Killed a 13-headed hydra
 18230 | Lair:5   | Noticed a four-headed hydra
 18239 | Lair:5   | HP: 2/93 [nine-headed hydra (12)]
 18241 | Lair:5   | Killed a nine-headed hydra
 18969 | Lair:5   | Reached skill level 5 in Invocations
 19314 | Lair:5   | Noticed a catoblepas
 19322 | Lair:5   | Killed a catoblepas
 19974 | Lair:6   | Entered Level 6 of the Lair of Beasts
 20123 | Lair:6   | Found a dark tunnel.
 20172 | Lair:6   | Noticed an eight-headed hydra
 20187 | Lair:6   | Noticed a four-headed hydra
 20194 | Lair:6   | HP: 4/139 [spiny frog (6)]
 20195 | Lair:6   | Mangled by a four-headed hydra

Illustrated notes

Levels and vault maps discovered:
D:1:      dpeg_arrival_orchard, layout_loops_cross, minmay_misc_feat_doors
D:2:      layout_basic, overflow_temple_1_default, first_ration
D:3:      minmay_angry_zag, layout_loops_corners
D:4:      layout_cave_pods, minmay_temple_entry_drinking_statues,
          nrook_mini_backslash, minmay_lizard_king, uniq_robin,
          uniq_crazy_yiuf_cottage, uniq_eustachio, uniq_menkaure
D:5:      layout_basic, lemuel_round_altar, vehumet_altar_wand_db,
          lemuel_round_altar, uniq_prince_ribbit1
D:6:      layout_basic, lemuel_crystal_altar, uniq_blork_the_orc, uniq_pikel,
          uniq_maggie
D:7:      layout_gridville, nicolae_gozag_zags_fifth_avenue, uniq_duvessa
D:8:      layout_gridville, lair_entry_dummy, serial_shops, shop
D:9:      layout_basic
D:10:     layout_roguey, grunt_pizzeria, moated_statue, minmay_shattered_shrine
Temple:   eino_temple_scatter_basement
Lair:1:   layout_layer_cave, serial_rivers, chequers_serial_rivers_micro_c,
          chequers_serial_rivers_marsh, chequers_serial_rivers_micro_a,
          chequers_serial_rivers_large_a
Lair:2:   layout_regular_city, spider_nest_entry_a, basic_altar,
          grunt_megastairs_2, serial_bayou_shore_a
Lair:3:   layout_hall_layers, hangedman_lair_generics_rect, uniq_gastronok
Lair:4:   layout_hall_layers, minmay_shoals_entry_hut, gauntlet_entry_generic,
          special_room [special_room_bee], small_statue_intersection
Lair:5:   layout_regular_city, beast_lair_carwin_6, grunt_megastairs_1
Lair:6:   evil_forest, layout_gridlike, slime_altar_2,
          nicolae_volcano_entry_s_turn

Skill      XL: |  1  2  3  4  5  6  7  8  9 10 11 12 13 |
---------------+----------------------------------------+-----
Unarmed Combat | 4 5 6 7 8 9 10 11 | 11.1
Transmutations | 3 4 5 7 8 10 | 10.0
Armour         | 2 5 |  5.2
Invocations    | 1 3 5 |  5.5
Evocations     | 1 2 6 |  6.4
Fighting       | 2 7 10 | 10.7
Spellcasting   | 4 |  4.0
Dodging        | 5 7 |  7.5
Ice Magic      | 4 |  4.0

Action                   |  1- 3 |  4- 6 |  7- 9 | 10-12 | 13-15 || total
-------------------------+-------+-------+-------+-------+-------++-------
Melee: Unarmed           |    96 |   100 |   251 |   223 |   196 ||   866
       Headbutt          |     4 |     1 |     9 |     6 |     4 ||    24
       Kick              |    12 |     5 |    14 |    11 |     6 ||    48
       Punch             |     1 |     1 |     5 |     5 |    10 ||    22
       Quarterstaff      |       |       |    10 |   116 |       ||   126
 Cast: Beastly Appendage |    19 |    12 |    26 |    14 |     5 ||    76
       Sticks to Snakes  |       |     5 |     4 |       |     2 ||    11
       Spider Form       |       |     1 |     9 |       |       ||    10
       Blade Hands       |       |       |     2 |    34 |    22 ||    58
Invok: Recall Ancestor   |       |       |     1 |     1 |       ||     2
       Ancestor Life: He |       |       |     1 |       |       ||     1
       Idealise          |       |       |       |       |     1 ||     1
Evoke: Wand              |       |       |     3 |     4 |     5 ||    12
  Use: Scroll            |       |     9 |       |    13 |     5 ||    27
       Potion            |       |     1 |     1 |     4 |     5 ||    11
 Stab: Sleeping          |     1 |     2 |       |       |       ||     3
       Distracted        |       |       |       |     4 |     1 ||     5
       Confused          |       |       |       |    12 |     2 ||    14
  Eat: Chunk             |     4 |     4 |    10 |    22 |    11 ||    51
       Ration            |       |     1 |     2 |     4 |     4 ||    11
Armor: Robe              |    19 |    16 |    14 |       |       ||    49
       Acid dragon scale |       |       |    22 |    91 |    51 ||   164
       Skin              |       |       |     1 |       |    49 ||    50
Dodge: Dodged            |    55 |    65 |   192 |   235 |   223 ||   770
